AoeStats
← tony le gros rou

Black Forest

507543523Analyzed
4v4 RM · 13d ago on Sep 18, 2026· 21m 33s· 8 players
Game mode
Random Map
Map size
Large (8 player)
Population
200
Speed
Normal
Resources
Standard
Victory
Conquest
Starting age
Dark Age
Ending age
Imperial Age
RankedLock teamsTeams togetherTeam positionsShared explorationLock speedFull tech treeHidden civsTurbo modeCheats
Victory
Defeat
🇫🇷 Mongols · France
1543
+15
🇫🇷 Poles · France
1471
+18
🇩🇪 Saracens · Germany
1458
+19
🇫🇷 Britons · France
1430
+20
🇧🇷 Gurjaras · Brazil
1599
-21
🇨🇳 Persians · China
1516
-18
🇧🇷 Chinese · Brazil
1486
-17
🇦🇷 Slavs · Argentina
1472
-16
p1c0
0:26 Loom
12:17 Feudal Age
17:21 Castle Age
EWC Beethoven
5:04 Loom
11:46 Feudal Age
15:30 Castle Age
14:58 Double-Bit Axe
15:43 Scale Barding Armor
18:49 Bloodlines
20:27 Forging
Mr. M
10:48 Feudal Age
12:55 Loom
16:06 Castle Age
14:42 Double-Bit Axe
14:50 Horse Collar
远程OB总指挥
10:13 Feudal Age
14:26 Castle Age
12:36 Double-Bit Axe
15:39 Bow Saw
15:45 Scale Barding Armor
tony le gros rou
6:06 Loom
11:14 Feudal Age
15:04 Castle Age
19:24 Scale Barding Armor
19:29 Forging
21:52 Husbandry
ccereal
7:56 Feudal Age
8:42 Double-Bit Axe
11:33 Fletching
13:33 Padded Archer Armor
17:20 Loom
Tonymontana
6:00 Loom
8:36 Feudal Age
16:35 Fletching
p0n0n0
11:37 Feudal Age
12:15 Loom
12:54 Loom
15:35 Castle Age
13:43 Double-Bit Axe
14:02 Horse Collar
16:58 Bow Saw
18:28 Scale Barding Armor
18:25 Heavy Plow
19:40 Forging
20:47 Wheelbarrow
21:59 Chain Barding Armor
Connection lost

Rejoining the realm…

Still unreachable

The connection could not be restored.

Session expired

The server has moved on; the page needs a fresh start.